 Dungeon Crawl Stone Soup version 0.27.1-33-g824d729ab1 (webtiles) character file.

Game seed: 3680429823654489465

116 belegose the Ducker (level 5, 0/38 HPs)
             Began as a Djinni Hedge Wizard on Dec 4, 2021.
             Slain by a phantom (7 damage)
             ... on level 3 of the Dungeon.
             The game lasted 00:08:07 (4485 turns).

belegose the Ducker (Djinni Hedge Wizard)           Turns: 4485, Time: 00:08:07

Health: 0/38       AC:  4    Str: 10    XL:     5   Next: 20%
Gold:   113        EV: 12    Int: 16    God:
                   SH:  0    Dex: 12

rFire    + + .     SeeInvis .   r - +1 mace (protect)
rCold    x . .     Faith    .   (no shield)
rNeg     . . .     Spirit   .   b - +0 robe
rPois    ∞         Reflect  .   s - +0 helmet
rElec    .         Harm     .   (no cloak)
rCorr    .         Rampage  .   l - +0 pair of gloves
Will     .....                  (boots unavailable)
Stlth    ++........             (no amulet)
HPRegen  0.12/turn              (no ring)
MPRegen  0.00/turn              (no ring)

@: flying
A: sickness immunity, fire resistance 2, cold vulnerability 1, float, innate
caster, hp casting, extra vitality 1
a: no special abilities


You were on level 3 of the Dungeon.
You visited 1 branch of the dungeon, and saw 3 of its levels.

You collected 113 gold pieces.

Inventory:

Hand Weapons
 a - a +0 dagger
 r - a +1 mace of protection (weapon)
Missiles
 k - 121 stones
 m - 4 curare-tipped darts
 n - 2 javelins
Armour
 b - a +0 robe (worn)
 l - a +0 pair of gloves (worn)
 s - a +0 helmet (worn)
Wands
 q - a wand of mindburst (11)
Scrolls
 e - a scroll of holy word {unknown}
 f - 2 scrolls of vulnerability {unknown}
 g - a scroll of enchant weapon {unknown}
 h - a scroll of amnesia {unknown}
 i - 2 scrolls of fear {unknown}
 j - 3 scrolls of identify {unknown}
 p - 2 scrolls of magic mapping {unknown}
Potions
 d - a potion of heal wounds {unknown}
 o - a potion of might {unknown}


   Skills:
 + Level 2.1 Fighting
 + Level 3.2 Dodging
 + Level 2.5 Stealth
 + Level 2.9 Spellcasting


You couldn't memorise any spells.
You knew the following spells:

 Your Spells              Type           Power      Damage    Failure   Level
a - Magic Dart            Conj           44%        1d5       5%          1
b - Blink                 Tloc           N/A        N/A       9%          2
c - Call Imp              Summ           11%        N/A       9%          2
d - Slow                  Hex            11%        N/A       9%          2
e - Conjure Flame         Conj/Fire      11%        6-21      17%         3
f - Mephitic Cloud        Conj/Pois/Air  11%        N/A       17%         3
g - Sting                 Tmut/Pois      44%        1d5       5%          1
h - Static Discharge      Conj/Air       11%        N/A       9%          2
Your spell library was empty.

Dungeon Overview and Level Annotations

Branches:
Dungeon (3/15)

Altars:

Annotations:
D:3 2 runed translucent doors, exclusion: iguana


Innate Abilities, Weirdness & Mutations

You are immune to sickness and miasma.
You are immune to poison.
Your flesh is very heat resistant. (rF++)
You are vulnerable to cold. (rC-)
You float through the air rather than walking.
You learn spells naturally, not from books.
Your magical power is your life essence.
You have superior vitality. (+4 HP)


Message History

g - Guard the area. f - Follow me.
Anything else - Cancel.
Gang up on whom?
Press: ? - help, Dir - move target, f/p - phantom
Aim: a phantom (severely damaged, ally target) Attack!
Unknown command.
You miss the phantom.
The phantom is severely damaged.
The phantom hits you but does no damage.
Your shadow imp hits the phantom.
You closely miss the phantom.
The phantom is almost destroyed.
The phantom hits you.
The phantom blinks!
You blink.
The phantom hits you.
You barely miss the phantom.
The phantom is almost destroyed.
Your shadow imp disappears in a puff of smoke!
The phantom hits you.
You hit the phantom.
Your weapon exudes an aura of protection.
The phantom is almost destroyed.
The phantom hits you!
* * * LOW HITPOINT WARNING * * *
The phantom blinks!
You blink.
You hit the phantom but do no damage.
The phantom is almost destroyed.
The phantom closely misses you.
The phantom hits you but does no damage.
You miss the phantom.
The phantom is almost destroyed.
The phantom hits you but does no damage.
You barely miss the phantom.
The phantom is almost destroyed.
The phantom hits you.
* * * LOW HITPOINT WARNING * * *
The phantom hits you but does no damage.
You closely miss the phantom.
The phantom is almost destroyed.
The phantom hits you!
You die...

### ..# #### ##
#.# #... ... #.#
#.## #..
##.######### #.##
##... #W.........#
#.#.
......#.@#######.#
#.#. #.....(.# #.#
#... ##.#.##.# #.#
###. #. ..# #.# #.
# ### ####.#####
#. ##+# #........#
#. ##...##
#.##.###.# #.
##.....## #.##.#
#.# #. ##.......##
##.##.# #.# #.


You could see a phantom.

Vanquished Creatures
  2 gnolls (D:2)
  5 adders
  2 orcs
  7 bats
  3 endoplasms
  4 giant cockroaches
  2 hobgoblins (D:2)
  A quokka (D:3)
  3 ball pythons
  2 frilled lizards (D:2)
  5 goblins
  8 kobolds
  5 rats
49 creatures vanquished.

Notes
Turn   | Place    | Note
-------+----------+-------------------------------------------
     0 | D:1      | belegose the Djinni Hedge Wizard began the quest for the
                  | Orb.
     0 | D:1      | Reached XP level 1. HP: 15/15 MP: 0/0
   455 | D:1      | Reached XP level 2. HP: 13/22 MP: 0/0
   848 | D:1      | Found a faded altar of an unknown god.
  1553 | D:1      | Reached skill level 1 in Fighting
  1821 | D:2      | Reached XP level 3. HP: 19/27 MP: 0/0
  1821 | D:2      | Learned a level 1 spell: Sting
  2718 | D:2      | Reached XP level 4. HP: 26/32 MP: 0/0
  2832 | D:2      | Reached skill level 3 in Dodging
  3322 | D:3      | Found a large runed translucent door.
  3323 | D:3      | Found a large runed translucent door.
  3896 | D:2      | Reached XP level 5. HP: 14/38 MP: 0/0
  3896 | D:2      | Learned a level 2 spell: Static Discharge
  4446 | D:3      | Noticed a phantom
  4485 | D:3      | Slain by a phantom

Illustrated notes

Levels and vault maps discovered:
D:1:      wander_arrival_lonely_grave, layout_basic,
          hellmonk_ecumenical_altar_blasted
D:2:      layout_loops_ring, hangedman_decor_slide_cut
D:3:      layout_loops_corners, jmf_multi_god_temple2, hangedman_glass_teeth,
          columned_hall_lemuel

Skill      XL: |  1  2  3  4 |
---------------+-------------+-----
Fighting       | 1 2 |  2.1
Stealth        | 2 |  2.5
Dodging        | 3 |  3.2
Spellcasting   | |  2.9

Action                   |  1- 3 |  4- 6 || total
-------------------------+-------+-------++-------
Melee: Dagger            |    24 |     8 ||    32
       Mace              |       |    65 ||    65
 Cast: Magic Dart        |    84 |    20 ||   104
       Call Imp          |       |     3 ||     3
 Stab: Sleeping          |     2 |     1 ||     3
       Distracted        |       |     1 ||     1
Armor: Robe              |    12 |    37 ||    49
Dodge: Dodged            |    32 |    64 ||    96
